[Event "XVI Ugra Cup 2020"]
[Site "Khanty-Mansiysk"]
[Date "2020.12.02"]
[Round "3.2"]
[White "Obgolts, Erik"]
[Black "Bocharov, Ivan"]
[Result "1/2-1/2"]
[ECO "B13"]
[WhiteElo "2371"]
[BlackElo "2559"]
[Annotator "ChessBase"]
[PlyCount "64"]
[EventDate "2020.11.30"]
[EventType "swiss"]
[EventCountry "RUS"]
[SourceTitle "playchess.com"]
[Source "ChessBase"]
[SourceQuality "1"]
[TimeControl "5400+30"]

1. e4 c6 2. d4 d5 3. exd5 cxd5 4. Bd3 Nc6 5. c3 Nf6 6. Bf4 Bg4 7. Qb3 e5 8. Bxe5 Qe7 9. Nd2 Nxe5 10. dxe5 Qxe5+ 11. Kf1 O-O-O 12. h3 Bf5 13. Qc2 Bxd3+ 14. Qxd3 Bc5 15. Ngf3 Qc7 16. Nb3 Bb6 17. Nbd4 Ne4 18. g3 Kb8 19. Kg2 h5 20. h4 f5 21. Ng5 Rc8 22. Rad1 Rhe8 23. Qf3 g6 24. Qf4 Qxf4 25. gxf4 Nc5 26. Rd2 Re7 27. Rhd1 Bc7 28. Kf3 Ne4 29. Re2 Rce8 30. Re3 a6 31. Nh3 Bb6 32. Kg2 Kc7 1/2-1/2

[Event "XVI Ugra Cup 2020"]
[Site "Khanty-Mansiysk"]
[Date "2020.12.02"]
[Round "3.3"]
[White "Vetokhin, Savva"]
[Black "Savchenko, Boris"]
[Result "0-1"]
[ECO "B03"]
[WhiteElo "2317"]
[BlackElo "2551"]
[Annotator "ChessBase"]
[PlyCount "60"]
[EventDate "2020.11.30"]
[EventType "swiss"]
[EventCountry "RUS"]
[SourceTitle "playchess.com"]
[Source "ChessBase"]
[SourceQuality "1"]
[TimeControl "5400+30"]

1. e4 Nf6 2. e5 Nd5 3. d4 d6 4. c4 Nb6 5. exd6 cxd6 6. Nc3 g6 7. Be3 Bg7 8. Rc1 O-O 9. h3 d5 10. c5 Nc4 11. Bxc4 dxc4 12. Nge2 Bf5 13. O-O Nc6 14. b3 Bd3 15. bxc4 Bxc4 16. Qa4 Ba6 17. Rfd1 e6 18. Ng3 Qh4 19. Nce4 h6 20. Qb3 Rad8 21. Nd6 Nxd4 22. Bxd4 Bxd4 23. Nxb7 Bxf2+ 24. Kxf2 Qf4+ 25. Kg1 Bxb7 26. Qxb7 Qxg3 27. c6 Rb8 28. Qa6 Rfc8 29. Qf1 Rb2 30. Qf3 Qg5 0-1

[Event "XVI Ugra Cup 2020"]
[Site "Khanty-Mansiysk"]
[Date "2020.12.02"]
[Round "3.4"]
[White "Iljiushenok, Ilia"]
[Black "Tunik, Sergey"]
[Result "1/2-1/2"]
[ECO "B01"]
[WhiteElo "2539"]
[BlackElo "2128"]
[Annotator "ChessBase"]
[PlyCount "63"]
[EventDate "2020.11.30"]
[EventType "swiss"]
[EventCountry "RUS"]
[SourceTitle "playchess.com"]
[Source "ChessBase"]
[SourceQuality "1"]
[TimeControl "5400+30"]

1. e4 d5 2. exd5 Qxd5 3. Nc3 Qa5 4. d4 Nf6 5. Nf3 c6 6. Bc4 Bf5 7. Bd2 e6 8. Nd5 Qd8 9. Nxf6+ gxf6 10. O-O Nd7 11. Bf4 Nb6 12. Bb3 Bd6 13. Bg3 Bg4 14. Re1 Bxg3 15. hxg3 Qe7 16. a4 Rd8 17. a5 Nd5 18. Qd3 Bxf3 19. Qxf3 Nc7 20. Rad1 Rg8 21. Re4 Rg5 22. Rf4 f5 23. Rh4 Rg7 24. c3 Kf8 25. Re1 Kg8 26. Re5 Qg5 27. Rf4 Nd5 28. Bxd5 Rxd5 29. Rxd5 cxd5 30. c4 Qd8 31. cxd5 Qxa5 32. dxe6 1/2-1/2

[Event "XVI Ugra Cup 2020"]
[Site "Khanty-Mansiysk"]
[Date "2020.12.02"]
[Round "3.9"]
[White "Tsydypov, Zhamsaran"]
[Black "Pingin, Artem"]
[Result "1/2-1/2"]
[ECO "E16"]
[WhiteElo "2558"]
[BlackElo "2244"]
[Annotator "ChessBase"]
[PlyCount "68"]
[EventDate "2020.11.30"]
[EventType "swiss"]
[EventCountry "RUS"]
[SourceTitle "playchess.com"]
[Source "ChessBase"]
[SourceQuality "1"]
[TimeControl "5400+30"]

1. d4 Nf6 2. c4 e6 3. Nf3 b6 4. g3 Bb7 5. Bg2 Bb4+ 6. Nbd2 a5 7. O-O O-O 8. Nb1 Be7 9. d5 exd5 10. Nh4 c6 11. cxd5 Nxd5 12. Nf5 Nc7 13. Qd4 Bf6 14. Qxb6 Ba6 15. Nc3 d5 16. Rd1 Ne6 17. Qe3 Qc7 18. Qd2 Rd8 19. e3 Nd7 20. Qc2 Rab8 21. b3 a4 22. Ba3 axb3 23. axb3 Qb6 24. Be7 Re8 25. Bxf6 Nxf6 26. b4 g6 27. Nd4 Bc4 28. Rab1 Qc7 29. b5 Nxd4 30. Rxd4 Qa5 31. Rf4 Nh5 32. Rxc4 dxc4 33. Bxc6 Red8 34. Nd5 c3 1/2-1/2

[Event "XVI Ugra Cup 2020"]
[Site "Khanty-Mansiysk"]
[Date "2020.12.03"]
[Round "4.1"]
[White "Bocharov, Dmitry"]
[Black "Sarana, Alexey"]
[Result "0-1"]
[ECO "D41"]
[WhiteElo "2528"]
[BlackElo "2636"]
[Annotator "ChessBase"]
[PlyCount "128"]
[EventDate "2020.11.30"]
[EventType "swiss"]
[EventCountry "RUS"]
[SourceTitle "playchess.com"]
[Source "ChessBase"]
[SourceQuality "1"]
[TimeControl "5400+30"]

1. d4 Nf6 2. c4 e6 3. Nf3 d5 4. Nc3 c5 5. cxd5 Nxd5 6. g3 cxd4 7. Nxd5 Qxd5 8. Qxd4 Qb5 9. a4 Qb4+ 10. Bd2 Nc6 11. Qxb4 Nxb4 12. Rc1 Bd7 13. a5 Bc6 14. Bg2 Bd6 15. O-O Ke7 16. Rc4 Na6 17. Rfc1 Rhd8 18. Nd4 Bxg2 19. Kxg2 Be5 20. Nf3 Bd6 21. b4 Rd7 22. b5 Nc7 23. Nd4 g6 24. Bb4 Bxb4 25. Rxb4 e5 26. Rbc4 Ne8 27. Nb3 Nd6 28. Rb4 b6 29. axb6 axb6 30. Rc6 Rb7 31. Nd2 Ra2 32. Ne4 Nxe4 33. Rxe4 f6 34. f4 Rb2 35. fxe5 f5 36. Rh4 Kf8 37. Kf3 Rxb5 38. e6 Re5 39. Rd4 Rc5 40. Rxc5 bxc5 41. Rd8+ Ke7 42. Rc8 Kd6 43. Kf4 Re7 44. e4 fxe4 45. Kxe4 Rxe6+ 46. Kd3 Kd5 47. Rd8+ Rd6 48. Re8 Rd7 49. Rf8 Ke5+ 50. Ke3 Ra7 51. Kd3 Ra2 52. Rc8 Kd5 53. Rd8+ Ke6 54. h4 Ra3+ 55. Kc4 Rxg3 56. Kxc5 Rg4 57. Rd6+ Ke7 58. Rd4 Rxd4 59. Kxd4 Ke6 60. Ke4 h6 61. Kf4 Kd5 62. Kf3 Ke5 63. Ke3 Kf5 64. Kf3 h5 0-1

[Event "XVI Ugra Cup 2020"]
[Site "Khanty-Mansiysk"]
[Date "2020.12.03"]
[Round "4.2"]
[White "Savchenko, Boris"]
[Black "Matinian, Nikita"]
[Result "1/2-1/2"]
[ECO "A48"]
[WhiteElo "2551"]
[BlackElo "2470"]
[Annotator "ChessBase"]
[PlyCount "110"]
[EventDate "2020.11.30"]
[EventType "swiss"]
[EventCountry "RUS"]
[SourceTitle "playchess.com"]
[Source "ChessBase"]
[SourceQuality "1"]
[TimeControl "5400+30"]

1. d4 Nf6 2. Nf3 g6 3. b4 Bg7 4. e3 d5 5. Bb2 Bf5 6. c4 c6 7. a4 O-O 8. Na3 Ne4 9. Qb3 e6 10. Be2 Nd7 11. Rd1 g5 12. Nb1 dxc4 13. Qxc4 Nb6 14. Qb3 Qd5 15. Qa3 a5 16. b5 Nc4 17. Bxc4 Qxc4 18. Nbd2 Qb4 19. bxc6 bxc6 20. Qxb4 axb4 21. Nxe4 Bxe4 22. Nxg5 Bc2 23. Ra1 c5 24. Kd2 Bxa4 25. Rhc1 cxd4 26. exd4 Bb3 27. Kd3 Bd5 28. Ne4 b3 29. Rxa8 Rxa8 30. f3 h6 31. Rb1 Kh7 32. Bc1 Ra2 33. Bb2 Ra7 34. Bc1 Ra4 35. Bb2 Kg6 36. Nc5 Ra2 37. Kc3 Ra7 38. Bc1 Rc7 39. Kd3 Rc8 40. Bd2 Rb8 41. Nd7 Rb5 42. Kc3 h5 43. Kd3 Kf5 44. Nc5 Rb8 45. Ne4 e5 46. Nc3 Bb7 47. Rxb3 Ba6+ 48. Kc2 Bd3+ 49. Kb2 Rxb3+ 50. Kxb3 exd4 51. Nd5 Bf1 52. Nf4 h4 53. Kc2 Be5 54. g3 h3 55. Kd1 Bxf4 1/2-1/2

[Event "XVI Ugra Cup 2020"]
[Site "Khanty-Mansiysk"]
[Date "2020.12.03"]
[Round "4.3"]
[White "Tunik, Sergey"]
[Black "Zvjaginsev, Vadim"]
[Result "0-1"]
[ECO "B43"]
[WhiteElo "2128"]
[BlackElo "2602"]
[Annotator "ChessBase"]
[PlyCount "110"]
[EventDate "2020.11.30"]
[EventType "swiss"]
[EventCountry "RUS"]
[SourceTitle "playchess.com"]
[Source "ChessBase"]
[SourceQuality "1"]
[TimeControl "5400+30"]

1. e4 c5 2. Nc3 e6 3. Nf3 a6 4. d4 cxd4 5. Nxd4 d6 6. Be3 b5 7. Nb3 Nf6 8. f3 Bb7 9. Qd2 Nbd7 10. O-O-O Rc8 11. Bd3 Be7 12. Kb1 O-O 13. g4 Ne5 14. Qf2 Nfd7 15. Rhg1 b4 16. Ne2 d5 17. exd5 Nxd3 18. Rxd3 Bxd5 19. Nf4 Bc4 20. Rd2 Qc7 21. Nd4 a5 22. b3 Ba6 23. Nf5 Ne5 24. Nxe7+ Qxe7 25. Bd4 Ng6 26. Nh5 e5 27. Bb2 Qc5 28. Re1 Qxf2 29. Rxf2 f5 30. gxf5 Rxf5 31. Ng3 Rff8 32. Re3 Rc5 33. a3 Rd5 34. c4 bxc3 35. Bxc3 Rc8 36. Kb2 Nf4 37. Ne4 Nd3+ 38. Rxd3 Bxd3 39. b4 axb4 40. axb4 Rf8 41. Nc5 Bc4 42. Kc2 g6 43. Bd2 Ra8 44. f4 Rf8 45. Kc3 Bb5 46. Ne6 Rf6 47. f5 Rxf5 48. Rxf5 gxf5 49. Nc7 Rd3+ 50. Kc2 Bc4 51. b5 Rb3 52. Bc3 e4 53. Bd4 e3 54. Ne8 e2 55. Bf2 Rf3 0-1

[Event "XVI Ugra Cup 2020"]
[Site "Khanty-Mansiysk"]
[Date "2020.12.03"]
[Round "4.4"]
[White "Bocharov, Ivan"]
[Black "Iljiushenok, Ilia"]
[Result "1-0"]
[ECO "C07"]
[WhiteElo "2559"]
[BlackElo "2539"]
[Annotator "ChessBase"]
[PlyCount "99"]
[EventDate "2020.11.30"]
[EventType "swiss"]
[EventCountry "RUS"]
[SourceTitle "playchess.com"]
[Source "ChessBase"]
[SourceQuality "1"]
[TimeControl "5400+30"]

1. e4 e6 2. d4 d5 3. Nd2 c5 4. exd5 Qxd5 5. Ngf3 cxd4 6. Bc4 Qd7 7. O-O Nc6 8. Nb3 Nf6 9. Qe2 a6 10. a4 Bd6 11. Rd1 O-O 12. Nbxd4 e5 13. Nxc6 Qxc6 14. Bg5 Bc7 15. h3 e4 16. Nd2 Bf5 17. Nf1 h6 18. Bh4 Bg6 19. Ne3 Bh5 20. g4 Bg6 21. Nd5 Nxd5 22. Bxd5 Qe8 23. Ra3 Kh8 24. Rc3 Be5 25. Rc4 f5 26. Bxb7 Rb8 27. Bc6 Qf7 28. Bd5 Qe8 29. b3 Bd6 30. Bxe4 Bf7 31. Rc6 Be7 32. Bxe7 Qxe7 33. gxf5 Rbe8 34. f3 Bh5 35. Re6 Qh4 36. Qf2 Qf4 37. Qd2 Qh4 38. Kg2 Rd8 39. Rd6 Rxd6 40. Qxd6 Re8 41. Rd4 Qe1 42. Qg3 Qe3 43. Rd7 Qc3 44. Qh4 Qe3 45. f6 Qe2+ 46. Qf2 Rxe4 47. fxg7+ Kg8 48. fxe4 Qxe4+ 49. Kg1 Qg6+ 50. Kh2 1-0

[Event "XVI Ugra Cup 2020"]
[Site "Khanty-Mansiysk"]
[Date "2020.12.03"]
[Round "4.5"]
[White "Demchenko, Anton"]
[Black "Obgolts, Erik"]
[Result "1/2-1/2"]
[ECO "B12"]
[WhiteElo "2626"]
[BlackElo "2371"]
[Annotator "ChessBase"]
[PlyCount "257"]
[EventDate "2020.11.30"]
[EventType "swiss"]
[EventCountry "RUS"]
[SourceTitle "playchess.com"]
[Source "ChessBase"]
[SourceQuality "1"]
[TimeControl "5400+30"]

1. e4 c6 2. d4 d5 3. e5 c5 4. Nf3 Nc6 5. dxc5 Bg4 6. c3 Qd7 7. Bb5 e6 8. Be3 Nge7 9. Nbd2 Nf5 10. Bd4 Be7 11. h3 Bxf3 12. Nxf3 O-O 13. O-O Qc7 14. Rc1 Rfc8 15. a3 a6 16. Bd3 Nfxd4 17. cxd4 b6 18. b4 bxc5 19. bxc5 Qa5 20. Qe1 Qxa3 21. Qe3 Qa5 22. Ra1 Qc7 23. Bxa6 Rcb8 24. Bd3 Rxa1 25. Rxa1 g6 26. Bc2 Kg7 27. Qc3 Rb4 28. Ra4 Rb8 29. h4 h5 30. g3 Qb7 31. Ra3 Qb2 32. Ba4 Qe2 33. Qd3 Nxd4 34. Nxd4 Qe1+ 35. Qf1 Qxf1+ 36. Kxf1 Bxc5 37. Rd3 Rb4 38. Nb3 Ba7 39. Bc6 Rc4 40. Ba8 Ra4 41. Nd2 Bb8 42. Bc6 Ra1+ 43. Kg2 Bxe5 44. Nf3 Bf6 45. Rb3 Ra7 46. Ng5 Rc7 47. Rb6 Bd4 48. Ra6 Bf6 49. Kf3 Re7 50. Ke3 Bb2 51. Kd3 Bf6 52. f4 Bb2 53. Nf3 Rc7 54. Ke2 Bc3 55. Ng5 Re7 56. Rb6 Bd4 57. Rb7 Rxb7 58. Bxb7 Kf8 59. Nf3 Ba7 60. Ne5 Bg1 61. Kf3 Ba7 62. Ba6 Bg1 63. Be2 Ba7 64. Kg2 Bd4 65. Bf3 Kg7 66. Bd1 Bc3 67. Nf3 Kf8 68. Ng5 Bd2 69. Bb3 Kg7 70. Ba4 Kf8 71. Kf2 Bc1 72. Ke2 Ke7 73. Nf3 Ba3 74. Ne5 Bb2 75. Kf3 Bc3 76. Bc2 Kf6 77. Nd3 Bd4 78. Ba4 Ke7 79. Bb5 Bc3 80. Bc6 Kd6 81. Bb7 Bf6 82. Kg2 Bg7 83. Ne1 Ke7 84. Nf3 Bc3 85. Ng5 Bd2 86. Bc6 Bc1 87. Ba4 Bd2 88. Kf2 Bc1 89. Bd1 Kf6 90. Bf3 Bd2 91. Kf1 Be3 92. Ke1 Bc1 93. Ke2 Kg7 94. f5 exf5 95. Nh3 d4 96. Bd5 Be3 97. Kf3 Kf6 98. Nf4 Kg7 99. Bc4 f6 100. Ne6+ Kh6 101. Bd3 Kh7 102. Nc7 Kg7 103. Bc2 Kf7 104. Bb3+ Kg7 105. Ne8+ Kh6 106. Bc2 d3 107. Bxd3 Bd4 108. Nc7 Be5 109. Ne6 Bc3 110. Nf4 Be5 111. Ng2 Bd4 112. Bc2 Kg7 113. Bb1 Kh6 114. Bd3 Kg7 115. Nf4 Be5 116. Nd5 Kh6 117. Bb5 Kg7 118. Be8 Bd6 119. Nf4 Bxf4 120. gxf4 Kh6 121. Bxg6 Kxg6 122. Ke3 Kf7 123. Kd4 Ke6 124. Kc5 Ke7 125. Kc6 Ke6 126. Kc5 Ke7 127. Kc6 Ke6 128. Kc5 Ke7 129. Kc6 1/2-1/2

[Event "XVI Ugra Cup 2020"]
[Site "Khanty-Mansiysk"]
[Date "2020.12.03"]
[Round "4.7"]
[White "Skvortsov, Andrei"]
[Black "Rozum, Ivan"]
[Result "1/2-1/2"]
[ECO "B06"]
[WhiteElo "2126"]
[BlackElo "2563"]
[Annotator "ChessBase"]
[PlyCount "91"]
[EventDate "2020.11.30"]
[EventType "swiss"]
[EventCountry "RUS"]
[SourceTitle "playchess.com"]
[Source "ChessBase"]
[SourceQuality "1"]
[TimeControl "5400+30"]

1. e4 g6 2. d4 Bg7 3. Nc3 d6 4. Be3 c6 5. Qd2 Nd7 6. f4 b5 7. Nf3 Ngf6 8. e5 b4 9. exf6 bxc3 10. Qxc3 Nxf6 11. Qxc6+ Bd7 12. Qa6 Qb8 13. Qa3 O-O 14. Bd3 Bc6 15. Be2 a5 16. O-O Ng4 17. Rab1 Qb4 18. Qxb4 axb4 19. Bd2 Rxa2 20. Bc4 Ra7 21. d5 Ba8 22. h3 Nf6 23. Bxb4 Ra4 24. c3 Nxd5 25. Bb3 Ra7 26. Bxd5 Bxd5 27. Rbd1 Bb3 28. Rde1 Bc4 29. Rf2 Rfa8 30. Kh2 Kf8 31. Nd2 Bb5 32. Nb3 Bc4 33. Nd2 Be6 34. Nf3 h6 35. Nd4 Bd5 36. Rfe2 Bf6 37. Nc2 Bb3 38. Ne3 Ra1 39. g3 R8a2 40. Rxa1 Rxa1 41. Kg2 h5 42. h4 Ke8 43. Bxd6 Kd7 44. Bc5 Kc6 45. Bd4 Bxd4 46. cxd4 1/2-1/2

[Event "XVI Ugra Cup 2020"]
[Site "Khanty-Mansiysk"]
[Date "2020.12.03"]
[Round "4.8"]
[White "Bujakevich, Aleksandr"]
[Black "Afanasiev, Nikita"]
[Result "0-1"]
[ECO "B06"]
[WhiteElo "2058"]
[BlackElo "2519"]
[Annotator "ChessBase"]
[PlyCount "74"]
[EventDate "2020.11.30"]
[EventType "swiss"]
[EventCountry "RUS"]
[SourceTitle "playchess.com"]
[Source "ChessBase"]
[SourceQuality "1"]
[TimeControl "5400+30"]

1. e4 g6 2. d4 Bg7 3. Nc3 c6 4. Nf3 d6 5. Be2 Nd7 6. O-O e5 7. dxe5 dxe5 8. Bc4 Ngf6 9. Qd6 Bf8 10. Qd3 Qe7 11. Ng5 Nc5 12. Qg3 Be6 13. Nxe6 fxe6 14. Be3 Bg7 15. Bxc5 Qxc5 16. Bxe6 Qe7 17. Qh3 Kd8 18. Rad1+ Kc7 19. Rd3 Rad8 20. Rfd1 Rxd3 21. Rxd3 Rf8 22. a3 h5 23. b4 Bh6 24. Nd1 Re8 25. Ba2 Nxe4 26. Ne3 Rf8 27. f3 Ng5 28. Qg3 Rf4 29. Nc4 h4 30. Qe1 e4 31. Re3 Bg7 32. c3 Qf7 33. fxe4 b5 34. Nd6 Qxa2 35. Ne8+ Kb7 36. Nxg7 h3 37. Qg3 Nxe4 0-1

[Event "XVI Ugra Cup 2020"]
[Site "Khanty-Mansiysk"]
[Date "2020.12.03"]
[Round "4.9"]
[White "Schekachikhin, Maksim"]
[Black "Plyasunov, Daniil"]
[Result "1-0"]
[ECO "A35"]
[WhiteElo "2416"]
[BlackElo "1959"]
[Annotator "NA"]
[PlyCount "105"]
[EventDate "2020.11.30"]
[EventType "swiss"]
[EventCountry "RUS"]
[SourceTitle "playchess.com"]
[Source "ChessBase"]
[SourceQuality "1"]
[TimeControl "5400+30"]

1. Nf3 Nf6 2. c4 c5 3. Nc3 Nc6 4. g3 e5 5. Bg2 g6 6. O-O Bg7 7. a3 d6 8. Rb1 Be6 9. d3 Rc8 10. b4 b6 11. Qa4 O-O 12. Ng5 Bd7 $1 13. b5 Na5 14. Bd2 h6 15. Nge4 Nxe4 16. Nxe4 Bf5 17. Bxa5 Bxe4 18. Bxb6 axb6 19. Bxe4 Rc7 20. Qa6 Qb8 21. Qa4 Ra7 22. Qb3 Kh8 23. a4 Ra5 24. Ra1 Qa7 {[%emt 0:01:32] [#]} 25. Ra2 $1 Qe7 26. Bd5 f5 27. e3 f4 28. Qd1 Qg5 29. Qe2 Qf5 30. Kg2 h5 31. Be4 Qg5 32. Kh1 Qh6 33. g4 $18 hxg4 34. Qxg4 fxe3 35. Qxg6 Qxg6 36. Bxg6 Bh6 37. Be4 Rf7 38. Kg2 e2 39. Re1 Rfa7 40. Rexe2 Rxa4 41. Rxa4 Rxa4 42. Kf3 Ra7 43. Re1 Rf7+ 44. Ke2 Bg5 45. Ra1 Bh4 46. f3 Rg7 47. Kf1 Bg5 48. Ra6 Be3 49. Rxb6 Rg1+ 50. Ke2 Bd4 51. Rxd6 Rg2+ 52. Kd1 Rg1+ 53. Kc2 1-0

[Event "XVI Ugra Cup 2020"]
[Site "Khanty-Mansiysk"]
[Date "2020.12.04"]
[Round "5.7"]
[White "Rozum, Ivan"]
[Black "Maltsevskaya, Aleksandra"]
[Result "1-0"]
[ECO "E21"]
[WhiteElo "2563"]
[BlackElo "2248"]
[Annotator "ChessBase"]
[PlyCount "91"]
[EventDate "2020.11.30"]
[EventType "swiss"]
[EventCountry "RUS"]
[SourceTitle "playchess.com"]
[Source "ChessBase"]
[SourceQuality "1"]
[TimeControl "5400+30"]

1. d4 Nf6 2. Nf3 e6 3. c4 b6 4. Nc3 Bb7 5. e3 Be7 6. Bd3 d5 7. cxd5 exd5 8. Qa4+ c6 9. O-O O-O 10. Qc2 c5 11. dxc5 bxc5 12. b3 Nc6 13. a3 Na5 14. Rb1 Rc8 15. Rd1 g6 16. e4 Nc6 17. e5 Nd4 18. exf6 Nxc2 19. fxe7 Qxe7 20. Bxc2 d4 21. Re1 Qd8 22. Ne4 d3 23. Bd1 f6 24. Bb2 Bxe4 25. Rxe4 Re8 26. Rxe8+ Qxe8 27. Bxf6 Rc6 28. Bc3 Re6 29. Bd2 g5 30. h3 h6 31. Rc1 Qe7 32. b4 Rc6 33. Bb3+ Kh7 34. Bc4 Qe4 35. Rc3 Kg7 36. Bxd3 Qd5 37. Bc4 Qe4 38. Bd3 Qd5 39. bxc5 Rxc5 40. Be4 Qd6 41. Re3 Qc7 42. g3 Rc4 43. Bd3 Rc5 44. Nd4 Kf6 45. Re6+ Kf7 46. Bg6+ 1-0

[Event "XVI Ugra Cup 2020"]
[Site "Khanty-Mansiysk"]
[Date "2020.12.05"]
[Round "6.6"]
[White "Schekachikhin, Maksim"]
[Black "Tsydypov, Zhamsaran"]
[Result "1/2-1/2"]
[ECO "B38"]
[WhiteElo "2416"]
[BlackElo "2558"]
[Annotator "RC"]
[PlyCount "104"]
[EventDate "2020.11.30"]
[EventType "swiss"]
[EventCountry "RUS"]
[SourceTitle "playchess.com"]
[Source "ChessBase"]
[SourceQuality "1"]
[TimeControl "5400+30"]

1. c4 g6 2. e4 c5 3. Nf3 Bg7 4. d4 cxd4 5. Nxd4 Nc6 6. Be3 Qb6 7. Nb3 Qc7 8. Qd2 Nf6 9. f3 Ne5 10. Nc3 O-O 11. Rc1 d6 12. Nd5 Qd8 13. Be2 b6 14. O-O Bb7 15. a4 Nfd7 16. Nd4 Nc6 17. b4 Nxd4 18. Bxd4 Bxd4+ 19. Qxd4 a5 20. Rb1 Bc6 21. b5 Bb7 22. f4 e5 23. fxe5 Bxd5 24. Qxd5 dxe5 25. Rbd1 Nc5 26. Qxe5 Qb8 27. Qa1 Ra7 28. e5 Re7 29. Bf3 Qxe5 30. Qxe5 Rxe5 31. Rd6 Re6 32. Rxe6 fxe6 33. Rd1 Kf7 34. Rd6 Rb8 35. Rc6 Kf6 36. Kf2 Ke5 37. Ke3 Nxa4 38. Rc7 h6 39. Rg7 g5 40. Rh7 Nb2 41. Rxh6 a4 42. Kd2 Rc8 43. Rxe6+ Kxe6 44. Bg4+ Ke5 45. Bxc8 Kd4 46. Kc2 Nxc4 47. g3 g4 48. Kb1 Ne5 49. h3 gxh3 50. Bxh3 Kc3 51. Ka2 Kb4 52. Bf1 Ng4 1/2-1/2

[Event "XVI Ugra Cup 2020"]
[Site "Khanty-Mansiysk"]
[Date "2020.12.05"]
[Round "6.9"]
[White "Maltsevskaya, Aleksandra"]
[Black "Vetokhin, Savva"]
[Result "1-0"]
[ECO "B90"]
[WhiteElo "2248"]
[BlackElo "2317"]
[Annotator "RC"]
[PlyCount "117"]
[EventDate "2020.11.30"]
[EventType "swiss"]
[EventCountry "RUS"]
[SourceTitle "playchess.com"]
[Source "ChessBase"]
[SourceQuality "1"]
[TimeControl "5400+30"]

1. e4 c5 2. Nf3 d6 3. d4 cxd4 4. Nxd4 Nf6 5. Nc3 a6 6. h3 e6 7. g4 d5 8. exd5 Nxd5 9. Nde2 Nxc3 10. Qxd8+ Kxd8 11. Nxc3 Bd7 12. Bg2 Bc6 13. O-O Bxg2 14. Kxg2 Nd7 15. Bf4 Bb4 16. Ne4 Nf6 17. Rad1+ Ke8 18. Rd4 Be7 19. Nd6+ Bxd6 20. Bxd6 Rd8 21. Rfd1 Nd5 22. Bg3 b5 23. a3 Ke7 24. b3 f6 25. R1d3 Nb6 26. Rd6 Rb8 27. a4 bxa4 28. bxa4 e5 29. a5 Nc4 30. Rxa6 Ra8 31. Rc6 Rhc8 32. Rxc8 Rxc8 33. a6 Nd6 34. Ra3 Kd7 35. a7 Ra8 36. f4 Nc4 37. Rc3 Na5 38. fxe5 Rxa7 39. exf6 gxf6 40. Bh4 Ke7 41. Rf3 Ke6 42. Rxf6+ Ke5 43. Rf5+ Ke4 44. Bf2 Ra6 45. Kg3 Nc6 46. Rc5 Ra3+ 47. c3 Ne5 48. Rc7 Ng6 49. Bd4 h6 50. h4 Nf8 51. Re7+ Kd5 52. Re5+ Kc4 53. Rc5+ Kd3 54. Rc6 Ra1 55. Rxh6 Re1 56. Rf6 Ne6 57. Rf3+ Ke4 58. Bf2 Rh1 59. Re3+ 1-0

[Event "XVI Ugra Cup 2020"]
[Site "Khanty-Mansiysk"]
[Date "2020.12.07"]
[Round "8.10"]
[White "Vladislav, Dudarev"]
[Black "Maltsevskaya, Aleksandra"]
[Result "0-1"]
[ECO "A31"]
[WhiteElo "2042"]
[BlackElo "2248"]
[Annotator "RC"]
[PlyCount "222"]
[EventDate "2020.11.30"]
[EventType "swiss"]
[EventCountry "RUS"]
[SourceTitle "playchess.com"]
[Source "ChessBase"]
[SourceQuality "1"]
[TimeControl "5400+30"]

1. d4 Nf6 2. c4 c5 3. Nf3 cxd4 4. Nxd4 Nc6 5. Nc3 Qb6 6. Ndb5 a6 7. Na4 Qd8 8. Be3 axb5 9. Bb6 bxa4 10. Bxd8 Nxd8 11. b4 g6 12. f3 Bg7 13. Rb1 O-O 14. g4 e5 15. e3 Ne6 16. Bg2 Rd8 17. c5 d6 18. cxd6 Ra6 19. O-O Raxd6 20. Qxa4 Nd5 21. Qb3 Bh6 22. Rfe1 Bg5 23. Rbc1 Nb6 24. Bf1 Nd5 25. Bc4 Nf6 26. h3 b6 27. Kg2 Bb7 28. Rcd1 Rd2+ 29. Rxd2 Rxd2+ 30. Re2 Rxe2+ 31. Bxe2 Nd5 32. Qa4 Nxe3+ 33. Kf2 Bd5 34. Qe8+ Kg7 35. Qb8 Bf4 36. Qxb6 Bxa2 37. b5 Nd4 38. Qa5 Nxe2 39. Qxa2 Nc3 40. Qb3 Ned5 41. Kg2 Be3 42. Qc4 Bd4 43. Qc6 h6 44. h4 Nb6 45. g5 hxg5 46. hxg5 Ncd5 47. Kh1 Be3 48. Qd6 Bf4 49. Qd8 Bd2 50. Qd6 Bxg5 51. Qxe5+ Bf6 52. Qd6 Bd4 53. Qd8 Be5 54. Qe8 Bf4 55. Qd8 Bc7 56. Qg5 Kf8 57. Qc1 Ke7 58. Qc6 Bd6 59. Qb7+ Ke6 60. Qc6 g5 61. Qb7 f5 62. Qg7 Be7 63. Qg8+ Ke5 64. Qb8+ Kd4 65. Qh8+ Bf6 66. Qe8 f4 67. Qe6 Kc4 68. Qc6+ Kd3 69. Qe6 Kd4 70. Kh2 Be7 71. Kh1 Kc4 72. Qc6+ Bc5 73. Qe8 Bd4 74. Qc6+ Kd3 75. Qe6 Kd2 76. Qe4 Be3 77. Kg2 Ke2 78. Qe5 g4 79. fxg4 f3+ 80. Kg3 f2 81. Qb2+ Bd2 82. Qxd2+ Kxd2 83. Kxf2 Kd3 84. g5 Ne7 85. g6 Nxg6 86. Kf3 Kd4 87. Kf2 Ne5 88. Kg3 Ke3 89. Kg2 Ng4 90. Kg3 Nf6 91. Kg2 Ne4 92. Kh3 Kf4 93. Kh4 Ng5 94. Kh5 Nf3 95. Kg6 Ke5 96. Kf7 Nh4 97. Kg7 Ke6 98. Kh6 Kf5 99. Kg7 Ng6 100. Kh6 Nf4 101. Kg7 Ke6 102. Kh6 Kf6 103. Kh7 Ne6 104. Kh6 Ng7 105. Kh7 Nf5 106. Kg8 Ke7 107. Kh8 Kf7 108. Kh7 Nd7 109. b6 Nf6+ 110. Kh8 Ne7 111. b7 Ng6# 0-1

[Event "XVI Ugra Cup 2020"]
[Site "Khanty-Mansiysk"]
[Date "2020.12.08"]
[Round "9.2"]
[White "Zvjaginsev, Vadim"]
[Black "Bocharov, Dmitry"]
[Result "1/2-1/2"]
[ECO "C67"]
[WhiteElo "2602"]
[BlackElo "2528"]
[Annotator "ChessBase"]
[PlyCount "21"]
[EventDate "2020.11.30"]
[EventType "swiss"]
[EventCountry "RUS"]
[SourceTitle "playchess.com"]
[Source "ChessBase"]
[SourceQuality "1"]
[TimeControl "5400+30"]

1. e4 e5 2. Nf3 Nc6 3. Bb5 Nf6 4. O-O Nxe4 5. Qe2 Nd6 6. Bxc6 dxc6 7. Qxe5+ Qe7 8. Qa5 Qd8 9. Qe5+ Qe7 10. Qa5 Qd8 11. Qe5+ 1/2-1/2

[Event "XVI Ugra Cup 2020"]
[Site "Khanty-Mansiysk"]
[Date "2020.12.08"]
[Round "9.3"]
[White "Savchenko, Boris"]
[Black "Bocharov, Ivan"]
[Result "1/2-1/2"]
[ECO "B13"]
[WhiteElo "2551"]
[BlackElo "2559"]
[Annotator "ChessBase"]
[PlyCount "80"]
[EventDate "2020.11.30"]
[EventType "swiss"]
[EventCountry "RUS"]
[SourceTitle "playchess.com"]
[Source "ChessBase"]
[SourceQuality "1"]
[TimeControl "5400+30"]

1. e4 c6 2. d4 d5 3. exd5 cxd5 4. Bd3 Nc6 5. c3 Nf6 6. Bf4 Bg4 7. Qb3 e5 8. h3 Na5 9. Qc2 exf4 10. hxg4 Nxg4 11. Qe2+ Qe7 12. Nh3 f3 13. gxf3 Qxe2+ 14. Kxe2 Nf6 15. Nd2 Bd6 16. f4 O-O 17. a4 Rfe8+ 18. Kf3 Nc6 19. Nf1 Ne7 20. Ne3 Ng6 21. Rag1 Rad8 22. Ng5 Bxf4 23. Nxf7 Kxf7 24. Bxg6+ hxg6 25. Kxf4 Rd6 26. Kf3 Ne4 27. Ng4 Rb6 28. Ne5+ Kg8 29. Nd3 Rf6+ 30. Kg2 Ref8 31. f4 g5 32. Kf3 gxf4 33. Rh5 Rf5 34. Rxf5 Rxf5 35. c4 Nd2+ 36. Kg4 Rf6 37. Nxf4 Nxc4 38. Re1 Nxb2 39. Rb1 Nxa4 40. Rxb7 Rf7 1/2-1/2

[Event "XVI Ugra Cup 2020"]
[Site "Khanty-Mansiysk"]
[Date "2020.12.08"]
[Round "9.4"]
[White "Tsydypov, Zhamsaran"]
[Black "Pridorozhni, Aleksei"]
[Result "1-0"]
[ECO "C24"]
[WhiteElo "2558"]
[BlackElo "2590"]
[Annotator "ChessBase"]
[PlyCount "119"]
[EventDate "2020.11.30"]
[EventType "swiss"]
[EventCountry "RUS"]
[SourceTitle "playchess.com"]
[Source "ChessBase"]
[SourceQuality "1"]
[TimeControl "5400+30"]

1. e4 e5 2. Bc4 Nf6 3. d3 c6 4. Nf3 d5 5. Bb3 Bb4+ 6. c3 Bd6 7. O-O Nbd7 8. Re1 dxe4 9. dxe4 Nc5 10. Bc2 Bg4 11. h3 Bh5 12. Nbd2 Bc7 13. Qe2 O-O 14. Nf1 Re8 15. Ng3 Bg6 16. Nh2 Ne6 17. Ng4 Nxg4 18. hxg4 a5 19. a4 Bb6 20. Nf5 Bc5 21. g3 Qb6 22. g5 Rad8 23. Kg2 Rd7 24. Rh1 Qd8 25. Nh4 Nxg5 26. Nxg6 hxg6 27. Bb3 Ne6 28. Rh2 Qf6 29. Be3 Bxe3 30. Qxe3 Red8 31. Rah1 Kf8 32. Rh8+ Ke7 33. Rxd8 Rxd8 34. Bxe6 Qxe6 35. Qc5+ Kf6 36. Qxa5 Rd3 37. Qb4 Qg4 38. Rf1 Qf3+ 39. Kg1 Rd8 40. a5 Rd7 41. Re1 Kg5 42. Qf8 f6 43. Qh8 Qh5 44. Qc8 Qg4 45. Kg2 Rd3 46. Qxb7 Qf3+ 47. Kg1 Rd2 48. Rf1 Qe2 49. b4 Kg4 50. Qxg7 Qxe4 51. Qxf6 g5 52. a6 Qc4 53. a7 Ra2 54. Qxe5 Rxa7 55. Re1 Qd5 56. Re4+ Kf3 57. Re3+ Kg4 58. f3+ Kh5 59. g4+ Kg6 60. Qe6+ 1-0